 Dungeon Crawl Stone Soup version 0.23.2-1-ga50397a (webtiles) character file.

Game seed: 9612007644151927064

569830 schauveau the Executioner (level 25, -23/243 HPs)
             Began as a Minotaur Fighter on Apr 29, 2019.
             Was the Champion of Okawaru.
             Killed from afar by a hellion (38 damage)
             ... with damnation
             ... on level 9 of a ziggurat.
             The game lasted 02:56:22 (67737 turns).

schauveau the Executioner (Minotaur Fighter)       Turns: 67737, Time: 02:56:22

Health: -23/243    AC: 35    Str: 41    XL:     25   Next: 60%
Magic:  0/32       EV:  9    Int:  5    God:    Okawaru [******]
Gold:   4992       SH:  4    Dex: 19    Spells: 24/24 levels left

rFire    + + +     SeeInvis .   a - +2 executioner's axe "Fixiu" {speed, Dex+6}
rCold    . . .     Gourm    .   (shield currently unavailable)
rNeg     . . .     Faith    .   Q - +0 crystal plate armour of Fortitude {rF+++ rCorr Str+4 Stlth-}
rPois    +         Spirit   +   (helmet unavailable)
rElec    +         Reflect  .   X - scarf {Spirit}
rCorr    +         Harm     .   r - +0 pair of gloves of Serendipity {rElec rPois Str+3 Dex-3}
MR       +....                  K - +0 pair of boots of Minor Irritation {rCorr Slay+3}
Stlth    ..........             C - amulet of rage
HPRegen  0.50/turn              h - +5 ring of slaying
MPRegen  0.23/turn              e - +5 ring of strength

@: very slightly contaminated, studying Spellcasting
A: retaliatory headbutt, horns 3, talons 1, large bone plates 1, thin skeletal
structure 1, yellow scales 1
}: 3/15 runes: decaying, silver, gossamer
a: Heroism, Finesse, Renounce Religion, Evoke Berserk Rage


You were on level 9 of a ziggurat.
You worshipped Okawaru.
Okawaru was exalted by your worship.
You were not hungry.

You visited 9 branches of the dungeon, and saw 44 of its levels.
You visited the Abyss 3 times.
You visited 1 ziggurat, and saw 9 of its levels.

You collected 9582 gold pieces.
You spent 4590 gold pieces at shops.

Inventory:

Hand Weapons
 a - the +2 executioner's axe "Fixiu" (weapon) {speed, Dex+6}
   (Okawaru gifted it to you on level 6 of the Lair of Beasts)

   Attacks with this weapon are significantly faster.
   It affects your dexterity (+6).
 b - the +9 heavy crossbow "Sniper" {velocity, Acc+∞ SInv}
   (You found it on level 1 of the Elven Halls)

   Any bolt fired from it inflicts extra damage.
   It lets you see invisible.
 c - the +10 arbalest of Diuleith {freeze, MR+++ Str+3 Dex-4}
   (Okawaru gifted it to you on level 2 of the Elven Halls)

   It causes projectiles fired from it to freeze those they strike, causing
   extra injury to most foes and up to half again as much damage against
   particularly susceptible opponents.
   They can also slow down cold-blooded creatures.
   It affects your strength (+3).
   It affects your dexterity (-4).
   It affects your resistance to hostile enchantments.
 u - the +1 executioner's axe of Overwhelming Force {drain, rElec rF+ rC+++ Str+2 Int-2}
   (You took it off a tengu warrior on level 2 of the Orcish Mines)

   A truly terrible weapon, it drains the life of those it strikes.
   It affects your strength (+2).
   It affects your intelligence (-2).
   It protects you from fire.
   It renders you almost immune to cold.
   It insulates you from electricity.
 G - a +6 battleaxe of flaming
 L - the +8 broad axe of Miesenae {drain, rC+ Stlth+}
   (Okawaru gifted it to you on level 12 of the Dungeon)

   A truly terrible weapon, it drains the life of those it strikes.
   It protects you from cold.
   It makes you more stealthy.
 R - a +8 executioner's axe of venom
Missiles
 d - 875 bolts
Armour
 l - a +2 hat of see invisible
 r - the +0 pair of gloves of Serendipity (worn) {rElec rPois Str+3 Dex-3}
   (Okawaru gifted it to you on level 2 of the Elven Halls)

   It affects your strength (+3).
   It affects your dexterity (-3).
   It insulates you from electricity.
   It protects you from poison.
 K - the +0 pair of boots of Minor Irritation (worn) {rCorr Slay+3}
   (Okawaru gifted it to you on level 2 of the Vaults)

   It affects your accuracy and damage with ranged weapons and melee attacks
   (+3).
   It provides partial protection from all sources of acid and corrosion.
 M - +9 gold dragon scales
 Q - the +0 crystal plate armour of Fortitude (worn) {rF+++ rCorr Str+4 Stlth-}
   (Okawaru gifted it to you on level 10 of the Dungeon)

   It affects your strength (+4).
   It renders you almost immune to fire.
   It provides partial protection from all sources of acid and corrosion.
   It makes you less stealthy.
 T - the +2 pair of boots of Kiti {rF- rC+ rN+}
   (You found it on level 12 of the Dungeon)

   It makes you vulnerable to fire.
   It protects you from cold.
   It protects you from negative energy.
 X - a scarf of spirit shield (worn)
Jewellery
 e - a +5 ring of strength (right hand)
 h - a +5 ring of slaying (left hand)
 z - the ring of the Rose {rPois Int+2 Dex+2 SInv}
   (You found it on level 8 of a ziggurat)

   [ring of dexterity]

   It affects your intelligence (+2).
   It affects your dexterity (+2).
   It protects you from poison.
   It lets you see invisible.
 C - an amulet of rage (around neck)
 D - an uncursed ring of protection from fire
 O - an uncursed ring of protection from cold
Wands
 g - a wand of polymorph (5)
 i - a wand of clouds (12)
 n - a wand of digging (3)
 o - a wand of disintegration (74)
 v - a wand of flame (43)
 B - a wand of iceblast (6)
 I - a wand of paralysis (8)
 S - a wand of random effects (12)
Scrolls
 k - 7 scrolls of magic mapping
 m - 22 scrolls of teleportation
 q - 16 scrolls of fog
 s - 16 scrolls of identify
 t - 2 scrolls of blinking
 w - a scroll of summoning
 x - 20 scrolls of remove curse
 y - 2 scrolls of amnesia
 J - 11 scrolls of fear
 Y - a scroll of holy word
 Z - a scroll of enchant weapon
Potions
 p - 15 potions of flight
 A - 17 potions of haste
 E - 9 potions of curing
 F - 3 potions of agility
 H - 3 potions of berserk rage
 N - 5 potions of ambrosia
 U - 4 potions of might
 V - 2 potions of resistance
 W - 2 potions of cancellation
Books
 P - a manual of Spellcasting
Comestibles
 f - 39 rations


   Skills:
 + Level 23.3 Fighting
 - Level 26.0 Axes
 * Level 23.4 Crossbows
 + Level 24.5 Armour
   Level 3.6 Shields
 - Level 13.9 Invocations


You had 24 spell levels left.
You didn't know any spells.
Your spell library contained the following spells:

 Spells                   Type           Power        Failure   Level  Hunger
 Animate Skeleton         Necr           N/A          91%         1    ##.....
 Apportation              Tloc           #.....       91%         1    ##.....
 Beastly Appendage        Tmut           #.....       91%         1    ##.....
 Confusing Touch          Hex            #.....       91%         1    ##.....
 Corona                   Hex            #......      91%         1    ##.....
 Flame Tongue             Conj/Fire      #....        91%         1    ##.....
 Freeze                   Ice            #...         91%         1    ##.....
 Infusion                 Chrm           #...         91%         1    ##.....
 Magic Dart               Conj           #...         91%         1    ##.....
 Pain                     Necr           #...         91%         1    ##.....
 Sandblast                Erth           #.....       91%         1    ##.....
 Sting                    Conj/Pois      #...         91%         1    ##.....
 Summon Butterflies       Summ           #.......     91%         1    ##.....
 Summon Small Mammal      Summ           #...         91%         1    ##.....
 Blink                    Tloc           N/A          97%         2    ###....
 Call Imp                 Summ           #.......     97%         2    ###....
 Passwall                 Tmut/Erth      #.......     97%         2    ###....
 Poisonous Vapours        Pois/Air       #.....       97%         2    ###....
 Searing Ray              Conj           #.....       97%         2    ###....
 Shroud of Golubria       Chrm/Tloc      #.........   97%         2    ###....
 Slow                     Hex            #.......     97%         2    ###....
 Sticks to Snakes         Tmut           #.......     97%         2    ###....
 Swiftness                Chrm/Air       #.......     97%         2    ###....
 Throw Flame              Conj/Fire      #.....       97%         2    ###....
 Throw Frost              Conj/Ice       #.....       97%         2    ###....
 Call Canine Familiar     Summ           #.......     100%        3    ####...
 Conjure Flame            Conj/Fire      #.......     100%        3    ####...
 Dazzling Spray           Conj/Hex       #.....       100%        3    ####...
 Gell's Gravitas          Tloc           #.........   100%        3    ####...
 Inner Flame              Hex/Fire       #.......     100%        3    ####...
 Lesser Beckoning         Tloc           #.........   100%        3    ####...
 Mephitic Cloud           Conj/Pois/Air  #.......     100%        3    ####...
 Ozocubu's Armour         Chrm/Ice       #.......     100%        3    ####...
 Portal Projectile        Hex/Tloc       #.....       100%        3    ####...
 Regeneration             Chrm/Necr      #.........   100%        3    ####...
 Spider Form              Tmut/Pois      #.........   100%        3    ####...
 Static Discharge         Conj/Air       #.......     100%        3    ####...
 Stone Arrow              Conj/Erth      #.....       100%        3    ####...
 Summon Guardian Golem    Hex/Summ       #.......     100%        3    ####...
 Teleport Other           Tloc           #.......     100%        3    ####...
 Vampiric Draining        Necr           #.........   100%        3    ####...
 Animate Dead             Necr           N/A          100%        4    #####..
 Cause Fear               Hex            #.........   100%        4    #####..
 Ice Form                 Ice/Tmut       #.......     100%        4    #####..
 Leda's Liquefaction      Hex/Erth       #.........   100%        4    #####..
 Olgreb's Toxic Radiance  Pois           #.......     100%        4    #####..
 Passage of Golubria      Tloc           N/A          100%        4    #####..
 Petrify                  Tmut/Erth      #.......     100%        4    #####..
 Sticky Flame             Conj/Fire      #.......     100%        4    #####..
 Summon Ice Beast         Ice/Summ       #.......     100%        4    #####..
 Summon Lightning Spire   Summ/Air       #.......     100%        4    #####..
 Throw Icicle             Conj/Ice       #.......     100%        4    #####..
 Blade Hands              Tmut           #.........   100%        5    ######.
 Fireball                 Conj/Fire      #.........   100%        5    ######.
 Irradiate                Conj/Tmut      #.........   100%        5    ######.
 Lee's Rapid Deconstruct  Erth           #.........   100%        5    ######.
 Lightning Bolt           Conj/Air       #.........   100%        5    ######.
 Metabolic Englaciation   Hex/Ice        #.........   100%        5    ######.
 Silence                  Hex/Air        #.........   100%        5    ######.
 Summon Mana Viper        Hex/Summ       #.......     100%        5    ######.
 Venom Bolt               Conj/Pois      #.........   100%        5    ######.
 Yara's Violent Unravell  Hex/Tmut       #.........   100%        5    ######.
 Bolt of Cold             Conj/Ice       #.........   100%        6    #######
 Bolt of Fire             Conj/Fire      #.........   100%        6    #######
 Deflect Missiles         Chrm/Air       #.........   100%        6    #######
 Freezing Cloud           Conj/Ice/Air   #.........   100%        6    #######
 Hydra Form               Tmut           #.........   100%        6    #######
 Ozocubu's Refrigeration  Ice            #.........   100%        6    #######
 Poison Arrow             Conj/Pois      #.........   100%        6    #######
 Shadow Creatures         Summ           N/A          100%        6    #######
 Simulacrum               Ice/Necr       #.........   100%        6    #######
 Statue Form              Tmut/Erth      #........    100%        6    #######
 Dragon Form              Tmut           #.........   100%        7    #######
 Orb of Destruction       Conj           #.........   100%        7    #######
 Ring of Flames           Chrm/Fire      #.........   100%        7    #######
 Summon Hydra             Summ           #.........   100%        7    #######
 Chain Lightning          Conj/Air       #.........   100%        8    #######
 Discord                  Hex            #.........   100%        8    #######
 Ignition                 Fire           #.........   100%        8    #######
 Lehudib's Crystal Spear  Conj/Erth      #.........   100%        8    #######
 Dragon's Call            Summ           #.........   100%        9    #######
 Fire Storm               Conj/Fire      #.........   100%        9    #######
 Glaciate                 Conj/Ice       #.........   100%        9    #######
 Shatter                  Erth           #.........   100%        9    #######
 Tornado                  Air            #.........   100%        9    #######


Dungeon Overview and Level Annotations

Branches:
Dungeon (15/15)            Temple (1/1) D:6            Lair (6/6) D:11
  Swamp (4/4) Lair:2       Spider (4/4) Lair:3        Slime (0/5) Lair:6
    Orc (2/2) D:10            Elf (3/3) Orc:2        Vaults (5/5) D:13
  Crypt (0/3) Vaults:3     Depths (4/5) D:15

Altars:
Cheibriados
Dithmenos
Elyvilon
Fedhas
Kikubaaqudgha
Makhleb
Nemelex Xobeh
Okawaru
Qazlal
Sif Muna
Trog
Vehumet
Yredelemnul
The Shining One
Beogh
Jiyva

Shops:
D:14 ?   Orc:2 *[(?   Elf:2 :!   Elf:3 }!(!}?   Vaults:1 %   Vaults:2 *
Vaults:5 (   Depths:1 *   Depths:3 !

Portals:
Hell: Depths:1 Depths:2 Depths:3
Pandemonium: Depths:3
Trove: D:12 (show abyssal rune of Zot)


Innate Abilities, Weirdness & Mutations

You reflexively headbutt those who attack you in melee.
You have a pair of large horns on your head.
You have sharp toenails.
You are partially covered in large bone plates. (SH +4)
You have a somewhat thin skeletal structure. (Dex +2, Stealth)
You are partially covered in yellow scales. (AC +2)


Message History

The tormentor hits you but does no damage.
The tormentor hits you.
* * * LOW HITPOINT WARNING * * *
You writhe in agony.
* * * LOW HITPOINT WARNING * * *
Found nine items.
Found two gates leading back out of this place.
Found a stone staircase leading down.
Blink to where?
Press: ? - help, Dir - move target cursor
As you read the scroll of blinking, it crumbles to dust.
The hellion gestures at you.
The sphere of damnation explodes!
The damnation engulfs you!!
* * * LOW HITPOINT WARNING * * *
The tormentor calls on the powers of darkness!
The iron giant convulses!
Your body is wracked with pain!
You feel better. The hellion gestures at you.
The sphere of damnation explodes!
The damnation engulfs you!!!
You die...

▓▓†.)........▓
▓▓.(.).........▓▓
▓▓..#☼#.....#≈#..▓▓
▓...≈#R.....≈#≈...▓
▓...#≈#°....#§#...▓
▓..........M2..$?!▓
▓........L22...:∩=▓▓
..∩.........Z..|>=.▓
▓........C2§...!@)▓
▓.................▓
▓...#≈#.....#≈#...▓
▓...≈#≈.....≈#§...▓
▓▓..#≈#.....#§#..▓▓
▓▓.§§......§§..▓▓
▓......... .▓▓
▓.........▓


You could see an iron giant, a lich, a reaper, a hellion, 2 tormentors, a mummy
and a shadow dragon zombie.

Vanquished Creatures
  A juggernaut (Depths:3)
  An ancient lich (Vaults:4)
  A shard shrike (Zig:5)
  A Killer Klown (Zig:7)
  Nikola (Spider:3)
  2 golden dragons
  5 liches
  Arachne (Spider:4)
  A Brimstone Fiend (Zig:7)
  A Tzitzimitl (Zig:6)
  A Hell Sentinel (Zig:3)
  4 tentacled monstrosities
  3 deep elf blademasters
  2 deep elf master archers (Elf:3)
  2 quicksilver dragons (Vaults:5)
  8 titans
  A quicksilver dragon (shapeshifter) (Zig:7)
  6 sphinxes
  A kraken (Abyss:4)
  3 ancient champions
  7 shadow dragons
  A tentacled starspawn (Abyss:5)
  An Executioner (Abyss:5)
  4 thorn hunters
  3 storm dragons
  The ghost of Aske the Swashbuckler, an adept HaBe of Trog (Elf:1)
  Donald (Spider:4)
  4 fire giants
  11 tengu reavers
  5 deep elf sorcerers
  6 ghost moths
  14 vault wardens
  14 frost giants
  An iron dragon (Zig:3)
  A draconian shifter (Abyss:2)
  Louise (Spider:4)
  7 orc warlords
  4 deep elf elementalists (Elf:3)
  9 emperor scorpions
  18 ironheart preservers
  4 war gargoyles
  A spriggan defender (Depths:3)
  14 very ugly things
  A ghoul (Depths:2)
  27 stone giants
  A draconian annihilator (Abyss:2)
  A juggernaut skeleton (Zig:5)
  3 vampire knights
  5 entropy weavers
  6 deep elf demonologists
  A lorocyproca (Abyss:5)
  11 deep elf annihilators
  A spark wasp (Depths:3)
  A green draconian (Abyss:2)
  A dire elephant (Lair:4)
  An eidolon (Vaults:3)
  14 ettins
  A merfolk javelineer (Elf:1)
  15 deep elf death magi
  A crystal guardian (Abyss:3)
  A jiangshi (Vaults:3)
  14 yaktaur captains
  A green death (Zig:4)
  Snorg (D:12)
  5 deep elf high priests
  13 fire dragons
  The ghost of davaitedunem the Basher, a journeyman MiBe of Trog (Orc:1)
  10 great orbs of eyes
  Harold (D:9)
  9 ice dragons
  9 rakshasas
  Fannar (D:10)
  42 vault guards
  A ghost crab (Swamp:4)
  4 spriggan air magi
  A hell beast (Depths:1)
  3 catoblepae
  34 hydras
  2 naga warriors
  12 centaur warriors
  3 death knights (Depths:2)
  An alligator snapping turtle (shapeshifter) (Zig:7)
  15 ogre magi
  37 two-headed ogres
  2 shambling mangroves
  10 alligators
  30 dancing weapons
  10 tengu warriors
  13 deep troll shamans
  An orc high priest (Orc:2)
  A soul eater (Abyss:5)
  9 deep troll earth magi
  4 thrashing horrors (Abyss:3)
  4 spriggan berserkers
  3 vampire magi
  Sonja (D:11)
  24 deep elf knights
  19 skeletal warriors
  20 spriggans
  2 sixfirhies
  4 hell knights
  A fire crab (shapeshifter) (Depths:3)
  2 shadow wraiths (Zig:6)
  5 iron trolls
  A spark wasp zombie (Zig:9)
  5 wretched stars
  7 unseen horrors
  13 swamp dragons
  An unseen horror (shapeshifter) (Vaults:4)
  4 spriggan druids
  39 deep trolls
  5 flayed ghosts
  17 deep elf archers
  A lindwurm (Lair:6)
  A deep troll (shapeshifter) (Vaults:4)
  5 wizards
  8 harpies
  A mana viper (shapeshifter) (Vaults:3)
  20 ironbrand convokers
  7 large abominations
  A harpy (shapeshifter) (Depths:3)
  3 necromancers
  2 wolf spider zombies
  19 orc knights
  An obsidian statue (D:15)
  A stone giant zombie (Depths:1)
  19 orb spiders
  34 ugly things
  A shining eye (shapeshifter) (Vaults:2)
  5 phantasmal warriors
  4 oklob plants (Lair:3)
  A manticore (shapeshifter) (Zig:7)
  A tengu skeleton (Depths:1)
  60 deep elf magi
  A shadow dragon skeleton (Zig:2)
  24 wolf spiders
  13 elephants
  8 orc sorcerers
  5 cyclopes
  A moth of wrath (shapeshifter) (Elf:1)
  A moth of wrath (Lair:5)
  12 vault sentinels
  2 manticores (D:13)
  An apocalypse crab (Abyss:3)
  2 centaur zombies
  A stone giant skeleton (Zig:5)
  A naga mage (D:15)
  A black mamba (shapeshifter) (Vaults:2)
  A rust devil (Zig:9)
  2 torpor snails (Lair:5)
  A spiny frog (shapeshifter) (Vaults:2)
  An eye of devastation (shapeshifter) (Vaults:5)
  3 black mambas
  2 smoke demons
  A guardian serpent (Vaults:1)
  2 gargoyles
  22 spiny frogs
  A hellion (Zig:1)
  3 rime drakes
  3 komodo dragons
  A kobold demonologist (D:15)
  14 demonic crawlers
  9 freezing wraiths
  2 ice devils
  A spriggan skeleton (Depths:1)
  5 ancient zymes
  47 yaktaurs
  A red devil (Depths:1)
  A tormentor (Zig:2)
  15 trolls
  2 jumping spiders (shapeshifter)
  A polar bear (shapeshifter) (Vaults:1)
  A wind drake (shapeshifter) (Depths:3)
  A tengu conjurer (Depths:3)
  A harpy zombie (Abyss:3)
  5 polar bears
  2 wolf spider simulacra (D:15)
  24 jumping spiders
  20 tyrant leeches
  A spriggan zombie (Zig:5)
  29 hornets
  47 slime creatures
  14 raiju
  17 bog bodies
  14 blink frogs
  Prince Ribbit (D:8)
  11 hippogriffs
  An ice dragon zombie (Zig:1)
  3 air elementals
  A flying skull (Vaults:3)
  Sigmund (D:2)
  69 redbacks
  3 shadows
  A tarantella (shapeshifter) (Vaults:3)
  A ynoxinul (Abyss:2)
  A black mamba zombie (Abyss:3)
  6 wyverns
  3 vampires
  A redback (shapeshifter) (Elf:3)
  5 water elementals
  33 tarantellas
  A centaur simulacrum (D:14)
  8 starcursed masses
  4 wraiths
  3 fire elementals
  A yak (shapeshifter) (Depths:3)
  57 yaks
  3 chaos spawn
  3 neqoxecs
  8 basilisks
  2 yaktaur simulacra (Depths:1)
  13 vampire mosquitoes
  A hungry ghost (D:12)
  Menkaure (D:5)
  20 swamp worms
  15 wargs
  3 acid dragons
  6 insubstantial wisps (Swamp:2)
  A water moccasin (shapeshifter) (Vaults:5)
  7 porcupines
  2 floating eyes
  2 hell hounds (Zig:9)
  12 water moccasins
  2 hydra simulacra
  76 orc warriors
  2 ice beasts
  9 swamp drakes
  4 sky beasts
  An eye of draining (D:13)
  2 necrophages
  3 phantoms
  5 black bears
  A hornet zombie (D:14)
  A sky beast (shapeshifter) (Vaults:4)
  14 boggarts
  17 wolves (Lair:6)
  44 ogres
  8 small abominations
  15 centaurs
  18 crocodiles
  4 big kobolds
  14 bullfrogs
  A gnoll sergeant (D:7)
  A wyvern zombie (D:9)
  A yaktaur skeleton (Zig:2)
  3 earth elementals
  A wyvern skeleton (D:14)
  10 scorpions
  9 wights
  5 killer bees (D:7)
  A vampire bat (D:5)
  A howler monkey (D:10)
  3 electric eels
  9 crimson imps
  5 bullfrog zombies
  2 human simulacra (Vaults:2)
  5 hounds
  4 jellies
  8 centaur skeletons
  33 orc priests
  2 bullfrog skeletons
  An iron imp (Depths:3)
  6 iguanas
  40 orc wizards
  Natasha (twice) (D:2)
  15 worker ants
  A hound skeleton (D:11)
  9 gnolls
  21 adders
  2 shadow imps
  2 white imps (Abyss:3)
  4 oozes
  3 adder skeletons
  2 worms
  3 dart slugs
  3 leopard geckos
  151 orcs
  2 bat skeletons (D:5)
  3 bat zombies (D:5)
  4 giant cockroaches
  8 goblins
  8 hobgoblins
  7 jackals
  13 kobolds
  7 quokkas
  7 bats
  3 frilled lizards
  3 jackal skeletons
  A leopard gecko zombie (D:5)
  6 rats
  4 crawling corpses
  5 demonic plants (Abyss:5)
  4 fungi
  3 plants
  4 tentacles (Abyss:4)
2347 creatures vanquished.

Vanquished Creatures (others)
  An iron giant (Zig:9)
  A deep elf mage (Elf:1)
  2 jumping spiders (Spider:3)
  A raiju (Abyss:5)
  A redback (Spider:1)
  A warg (Vaults:1)
  A swamp drake (Swamp:4)
  An ogre (Vaults:5)
  An orc (Vaults:1)
  2 briar patches (Swamp:2)
  A bush (D:11)
  13 fungi
  2 lurking horrors
  26 plants
  7 starspawn tentacles (Abyss:5)
  2 tentacles (Abyss:4)
  7 toadstools (Lair:4)
70 creatures vanquished.

Grand Total: 2417 creatures vanquished

Notes
Turn   | Place    | Note
-------+----------+-------------------------------------------
     0 | D:1      | schauveau the Minotaur Fighter began the quest for the Orb.
     0 | D:1      | Reached XP level 1. HP: 19/19 MP: 0/0
   289 | D:2      | Reached skill level 3 in Axes
   289 | D:2      | Reached XP level 2. HP: 23/27 MP: 1/1
   420 | D:2      | Noticed Sigmund
   639 | D:1      | Reached XP level 3. HP: 32/33 MP: 2/2
  1066 | D:2      | Killed Sigmund
  1066 | D:2      | Reached skill level 5 in Axes
  1066 | D:2      | Reached XP level 4. HP: 22/41 MP: 3/3
  1066 | D:2      | Reached XP level 5. HP: 26/47 MP: 4/4
  1281 | D:2      | Noticed Natasha
  1282 | D:2      | Killed Natasha
  1282 | D:2      | Reached skill level 5 in Fighting
  1282 | D:2      | Reached skill level 5 in Armour
  1285 | D:2      | Noticed Natasha
  1288 | D:2      | Killed Natasha
  1457 | D:3      | Reached XP level 6. HP: 51/56 MP: 5/5
  1932 | D:4      | Reached skill level 6 in Axes
  2510 | D:4      | Reached XP level 7. HP: 62/62 MP: 6/6
  2545 | D:4      | Reached skill level 7 in Axes
  2671 | D:4      | Gained mutation: You are robust. (+10% HP) [potion of
                  | mutation]
  2671 | D:4      | Gained mutation: You are very robust. (+20% HP) [potion of
                  | mutation]
  2794 | D:5      | Entered Level 5 of the Dungeon
  2946 | D:5      | Noticed Menkaure
  2953 | D:5      | Killed Menkaure
  2953 | D:5      | Reached skill level 8 in Axes
  2960 | D:5      | Reached XP level 8. HP: 42/85 MP: 7/7
  3035 | D:5      | HP: 1/85 [orc warrior/+0 dire flail (23)]
  3364 | D:5      | Found a stormy altar of Qazlal.
  3374 | D:5      | Found a deep blue altar of Sif Muna.
  3574 | D:5      | Found an ancient bone altar of Kikubaaqudgha.
  3825 | D:6      | Reached skill level 9 in Axes
  3892 | D:6      | Noticed a hippogriff
  3893 | D:6      | Found a staircase to the Ecumenical Temple.
  3900 | D:6      | Killed a hippogriff
  3914 | Temple   | Entered the Ecumenical Temple
  4045 | Temple   | Became a worshipper of Warmaster Okawaru
  4059 | D:6      | Reached skill level 10 in Axes
  4398 | D:6      | Reached XP level 9. HP: 77/97 MP: 8/8
  4547 | D:6      | Reached * piety under Okawaru
  4993 | D:7      | Reached skill level 11 in Axes
  5494 | D:8      | Reached ** piety under Okawaru
  5529 | D:8      | Noticed a seven-headed hydra
  5538 | D:8      | Killed an eight-headed hydra
  5538 | D:8      | Reached skill level 12 in Axes
  5538 | D:8      | Reached XP level 10. HP: 37/109 MP: 3/9
  5998 | D:8      | Noticed a centaur warrior
  6006 | D:8      | Killed a centaur warrior
  6006 | D:8      | Reached *** piety under Okawaru
  6038 | D:8      | Noticed Prince Ribbit
  6053 | D:8      | Killed Prince Ribbit
  6054 | D:8      | Reached skill level 10 in Fighting
  6082 | D:8      | Lost mutation: You are very robust. (+20% HP) [potion of
                  | mutation]
  6082 | D:8      | Lost mutation: You are robust. (+10% HP) [potion of
                  | mutation]
  6082 | D:8      | Gained mutation: You are weak. (Str -2) [potion of
                  | mutation]
  6082 | D:8      | Gained mutation: You tend to lose your temper in combat.
                  | [potion of mutation]
  6082 | D:8      | Gained mutation: You have sharp toenails. [potion of
                  | mutation]
  6132 | D:8      | Reached skill level 10 in Armour
  6183 | D:8      | Reached skill level 13 in Axes
  6387 | D:9      | Noticed Harold
  6397 | D:9      | Killed Harold
  6397 | D:9      | Reached **** piety under Okawaru
  6489 | D:10     | Entered Level 10 of the Dungeon
  6537 | D:9      | Noticed a two-headed ogre
  6542 | D:9      | Killed a two-headed ogre
  6659 | D:9      | Reached skill level 14 in Axes
  6659 | D:9      | Reached XP level 11. HP: 84/101 MP: 7/10
  6821 | D:9      | Found a burning altar of Makhleb.
  6821 | D:9      | Found a bloodstained altar of Trog.
  6913 | D:10     | Reached ***** piety under Okawaru
  7061 | D:11     | Noticed a green ugly thing
  7061 | D:11     | Noticed a green ugly thing
  7070 | D:10     | Killed a green ugly thing
  7143 | D:10     | Received a gift from Okawaru
  7146 | D:10     | Got a polished crystal plate armour {god gift}
  7157 | D:10     | Identified the +0 crystal plate armour of Fortitude {rF+++
                  | rCorr Str+4 Stlth-} (Okawaru gifted it to you on level 10
                  | of the Dungeon)
  7309 | D:10     | Killed an unseen horror
  7316 | D:10     | Noticed Fannar
  7339 | D:10     | Killed Fannar
  7343 | D:10     | Found a staircase to the Orcish Mines.
  7755 | D:10     | Lost mutation: You tend to lose your temper in combat.
                  | [potion of mutation]
  7755 | D:10     | Lost mutation: You are weak. (Str -2) [potion of mutation]
  7755 | D:10     | Lost mutation: You have sharp toenails. [potion of
                  | mutation]
  7755 | D:10     | Gained mutation: You are partially covered in large bone
                  | plates. (SH +4) [potion of mutation]
  7755 | D:10     | Gained mutation: You do not regenerate when monsters are
                  | visible. [potion of mutation]
  7755 | D:10     | Gained mutation: You have sharp toenails. [potion of
                  | mutation]
  8127 | D:10     | Killed a green ugly thing
  8375 | D:11     | Reached skill level 15 in Axes
  8463 | D:11     | Killed an unseen horror
  8774 | D:11     | Noticed Snorg
  9117 | D:12     | Killed Snorg
  9121 | D:12     | Found a portal to a secret trove of treasure.
  9368 | D:12     | Reached XP level 12. HP: 107/112 MP: 9/11
  9524 | D:12     | Reached skill level 16 in Axes
  9545 | D:12     | Got a pair of twisted boots
  9551 | D:12     | Identified the +2 pair of boots of Kiti {rF- rC+ rN+} (You
                  | found it on level 12 of the Dungeon)
  9563 | D:12     | Got a vibrating pewter amulet
  9565 | D:12     | Identified the amulet of the Snail {Inacc rC+ MR++ Int-4
                  | Stlth+} (You found it on level 12 of the Dungeon)
  9570 | D:12     | Noticed a two-headed ogre
  9577 | D:12     | Killed a two-headed ogre
  9577 | D:12     | Received a gift from Okawaru
  9581 | D:12     | Got a warped broad axe {god gift}
  9582 | D:12     | Identified the +8 broad axe of Miesenae {drain, rC+ Stlth+}
                  | (Okawaru gifted it to you on level 12 of the Dungeon)
  9623 | D:11     | Noticed Sonja
  9932 | D:11     | Found a staircase to the Lair.
  9953 | D:11     | Killed Sonja
 10388 | Lair:1   | Entered Level 1 of the Lair of Beasts
 10440 | Lair:1   | Reached ****** piety under Okawaru
 10619 | Lair:1   | Received a gift from Okawaru
 10655 | Lair:1   | Reached skill level 17 in Axes
 11034 | Lair:2   | Found a staircase to the Swamp.
 11991 | Lair:3   | Found a hole to the Spider Nest.
 12027 | Lair:3   | Reached XP level 13. HP: 122/122 MP: 12/12
 12907 | Lair:4   | Reached skill level 18 in Axes
 13236 | Lair:4   | Noticed a dire elephant
 13256 | Lair:4   | Found a runed translucent door.
 13472 | Lair:4   | Killed a dire elephant
 13704 | Lair:4   | Identified Oluxko's Catalogue of Gliding Arcane Weapons
 14272 | Lair:5   | Received a gift from Okawaru
 14274 | Lair:5   | Reached skill level 19 in Axes
 15083 | Lair:5   | Reached XP level 14. HP: 133/133 MP: 13/13
 15286 | Lair:6   | Entered Level 6 of the Lair of Beasts
 15938 | Lair:6   | Received a gift from Okawaru
 15938 | Lair:6   | Reached skill level 15 in Fighting
 15939 | Lair:6   | Got a transparent executioner's axe {god gift}
 15940 | Lair:6   | Identified the +2 executioner's axe "Fixiu" {speed, Dex+6}
                  | (Okawaru gifted it to you on level 6 of the Lair of Beasts)
 15942 | Lair:6   | Reached skill level 15 in Armour
 16526 | Lair:6   | Reached skill level 20 in Axes
 16712 | Lair:6   | Found a runed translucent door.
 16712 | Lair:6   | Found a viscous altar of Jiyva.
 16712 | Lair:6   | Found a staircase to the Slime Pits.
 17010 | Lair:6   | Received a gift from Okawaru
 17460 | Orc:1    | Entered Level 1 of the Orcish Mines
 17484 | Orc:1    | Noticed an orc warlord
 17495 | Orc:1    | Noticed an orc warlord
 17671 | D:10     | Killed an orc warlord
 17859 | D:10     | Killed an orc warlord
 17859 | D:10     | Received a gift from Okawaru
 18177 | Orc:2    | Entered Level 2 of the Orcish Mines
 18272 | Orc:2    | Found a roughly hewn altar of Beogh.
 18287 | Orc:2    | Found a staircase to the Elven Halls.
 18436 | Orc:2    | Found a roughly hewn altar of Beogh.
 18438 | Orc:2    | Found Beossug's Assorted Antiques.
 18446 | Orc:2    | Bought a scroll of magic mapping for 91 gold pieces
 18472 | Orc:2    | Found a roughly hewn altar of Beogh.
 18489 | Orc:2    | Found a runed translucent gate.
 18489 | Orc:2    | Found a runed translucent gate.
 18489 | Orc:2    | Found a runed translucent gate.
 18489 | Orc:2    | Noticed an orc warlord
 18563 | Orc:2    | Paralysed by an orc sorcerer for 2 turns
 18572 | Orc:2    | Reached XP level 15. HP: 93/143 MP: 9/14
 18590 | Orc:2    | Noticed an orc warlord
 18604 | Orc:2    | Found a roughly hewn altar of Beogh.
 19023 | Orc:2    | Killed an orc warlord
 19429 | Orc:2    | Found a roughly hewn altar of Beogh.
 19434 | Orc:2    | Found Otygocw's Magic Scroll Emporium.
 19443 | Orc:2    | Bought a scroll of acquirement for 728 gold pieces
 19444 | Orc:2    | Got an ichor-stained shield
 19451 | Orc:2    | Identified the +0 shield of Zin's Esteem {rC- Int+2 Dex+4}
                  | (You acquired it on level 2 of the Orcish Mines)
 19641 | Orc:2    | Noticed davaitedunem's ghost (journeyman MiBe)
 19642 | Orc:2    | Identified the +1 executioner's axe of Overwhelming Force
                  | {drain, rElec rF+ rC+++ Str+2 Int-2}
 19658 | Orc:2    | Found an iron altar of Okawaru.
 19691 | Orc:2    | Found Imamn's Antique Armour Emporium.
 19692 | Orc:2    | Found a roughly hewn altar of Beogh.
 19695 | Orc:2    | Found Apsucick's Antique Weapon Shoppe.
 19707 | Orc:2    | Bought a pair of runed gloves for 150 gold pieces
 20008 | Orc:1    | Found a bloodstained altar of Trog.
 20060 | Orc:1    | Received a gift from Okawaru
 20060 | Orc:1    | Noticed an orc warlord
 20080 | Orc:1    | Killed an orc warlord
 20080 | Orc:1    | Reached skill level 21 in Axes
 20130 | Orc:1    | Found a roughly hewn altar of Beogh.
 20283 | Orc:1    | Killed davaitedunem's ghost
 20384 | Orc:2    | Killed an orc warlord
 20602 | Swamp:1  | Entered Level 1 of the Swamp
 21088 | Swamp:1  | Noticed a thorn hunter
 21100 | Swamp:1  | Killed a thorn hunter
 21416 | Swamp:1  | Received a gift from Okawaru
 22381 | Swamp:2  | Noticed a thorn hunter
 22396 | Swamp:2  | Killed a thorn hunter
 22396 | Swamp:2  | Received a gift from Okawaru
 23278 | Swamp:2  | Reached skill level 22 in Axes
 23942 | Swamp:3  | Noticed a thorn hunter
 23958 | Swamp:3  | Killed a thorn hunter
 23958 | Swamp:3  | Reached XP level 16. HP: 11/154 MP: 1/15
 25907 | Swamp:3  | Received a gift from Okawaru
 26702 | Swamp:4  | Entered Level 4 of the Swamp
 28135 | Swamp:4  | Reached skill level 23 in Axes
 29094 | Swamp:4  | Noticed a thorn hunter
 29104 | Swamp:4  | Killed a thorn hunter
 29104 | Swamp:4  | Received a gift from Okawaru
 29107 | Swamp:4  | Got a steaming buckler {god gift}
 29118 | Swamp:4  | Got a decaying rune of Zot
 29609 | Lair:1   | Identified the +0 buckler of Salvation {MR+ Dex+6} (Okawaru
                  | gifted it to you on level 4 of the Swamp)
 29701 | Elf:1    | Entered Level 1 of the Elven Halls
 30003 | Elf:1    | Found a runed translucent gate.
 30004 | Elf:1    | Found a runed translucent gate.
 30005 | Elf:1    | Found a runed translucent gate.
 30005 | Elf:1    | Noticed Aske's ghost (adept HaBe)
 30006 | Elf:1    | Noticed a titan
 30007 | Elf:1    | Found the +9 heavy crossbow "Sniper" {velocity, Acc+∞ SInv}
 30038 | Elf:1    | Found an iron altar of Okawaru.
 30053 | Elf:1    | Killed Aske's ghost
 30053 | Elf:1    | Reached XP level 17. HP: 124/163 MP: 11/16
 30488 | Elf:1    | Noticed a Hell Sentinel
 30611 | Elf:1    | Found a deep blue altar of Sif Muna.
 30757 | Elf:1    | Killed a titan
 31174 | Elf:1    | Got an encrusted buckler
 31175 | Elf:1    | Identified the +0 buckler of Qeufido {rCorr Dex+5} (You
                  | found it on level 1 of the Elven Halls)
 31247 | Elf:2    | Reached skill level 24 in Axes
 31247 | Elf:2    | Reached skill level 1 in Crossbows
 31254 | Elf:2    | Received a gift from Okawaru
 31255 | Elf:2    | Got a transparent arbalest {god gift}
 31265 | Elf:1    | Identified the +10 arbalest of Diuleith {freeze, MR+++
                  | Str+3 Dex-4} (Okawaru gifted it to you on level 2 of the
                  | Elven Halls)
 31301 | Elf:2    | Found Xytyuf's Distillery.
 31321 | Elf:2    | Bought a potion of heal wounds for 75 gold pieces
 31321 | Elf:2    | Bought a potion of heal wounds for 75 gold pieces
 31321 | Elf:2    | Bought a potion of heal wounds for 75 gold pieces
 31321 | Elf:2    | Bought a potion of haste for 150 gold pieces
 31349 | Elf:3    | Entered Level 3 of the Elven Halls
 31421 | Elf:2    | Found a runed translucent gate.
 31796 | Elf:2    | Found the +4 dagger "Morg" {pain, MR+ Int+5}
 31796 | Elf:2    | Found Tuibanogh's Book Boutique.
 31976 | Elf:2    | Found a runed translucent gate.
 31977 | Elf:2    | Found a runed translucent gate.
 32312 | Elf:2    | Reached skill level 5 in Crossbows
 32315 | Elf:2    | Cast into level 3 of the Abyss (+2 quick blade of
                  | distortion)
 32347 | Abyss:3  | Noticed a lich
 32354 | Abyss:3  | Killed a lich
 32354 | Abyss:3  | Received a gift from Okawaru
 32780 | Elf:2    | Escaped the Abyss
 32794 | Elf:2    | Noticed a deep elf blademaster
 32811 | Elf:2    | Killed a deep elf blademaster
 32818 | Elf:2    | Received a gift from Okawaru
 33291 | Elf:2    | Received a gift from Okawaru
 33294 | Elf:2    | Got a pair of bloodstained gloves {god gift}
 33300 | Elf:2    | Reached XP level 18. HP: 90/173 MP: 12/17
 33326 | Elf:2    | Identified the +0 pair of gloves of Serendipity {rElec
                  | rPois Str+3 Dex-3} (Okawaru gifted it to you on level 2 of
                  | the Elven Halls)
 33801 | Elf:3    | Found Qezolad's Gadget Boutique.
 33801 | Elf:3    | Found Veczotuhae's Weapon Boutique.
 33801 | Elf:3    | Found Qyrynox's Distillery.
 33808 | Elf:3    | Found Pecyrukk's Distillery.
 33820 | Elf:3    | Bought a potion of heal wounds for 65 gold pieces
 33820 | Elf:3    | Bought a potion of curing for 39 gold pieces
 33820 | Elf:3    | Bought a potion of curing for 39 gold pieces
 33820 | Elf:3    | Bought a potion of berserk rage for 65 gold pieces
 33820 | Elf:3    | Bought a potion of heal wounds for 65 gold pieces
 33820 | Elf:3    | Bought a potion of curing for 39 gold pieces
 33820 | Elf:3    | Bought a potion of curing for 39 gold pieces
 33820 | Elf:3    | Bought a potion of berserk rage for 65 gold pieces
 33828 | Elf:3    | Bought a potion of curing for 54 gold pieces
 33844 | Elf:3    | Noticed a Hell Sentinel
 33846 | Elf:3    | Noticed a Tzitzimitl
 33872 | Elf:3    | HP: 5/173 [hell beast[a deep elf demonologist] (7)]
 34505 | Elf:3    | Cast into level 2 of the Abyss (a deep elf demonologist)
 34505 | Abyss:2  | Found a corrupted altar of Lugonu.
 35066 | Elf:3    | Escaped the Abyss
 35831 | Elf:3    | Found Ossebus's Gadget Shop.
 35837 | Elf:3    | Found Beawnas's Magic Scroll Emporium.
 35851 | Elf:3    | Bought a scroll of enchant armour for 112 gold pieces
 35851 | Elf:3    | Bought a scroll of enchant armour for 112 gold pieces
 35851 | Elf:3    | Bought a scroll of magic mapping for 52 gold pieces
 35851 | Elf:3    | Bought a scroll of magic mapping for 52 gold pieces
 35851 | Elf:3    | Bought a scroll of blinking for 112 gold pieces
 35863 | Elf:3    | Got a jewelled hunting sling
 35865 | Elf:3    | Identified the ring of the Several Stories {*Tele rPois
                  | Dex+2 Stlth+}
 35875 | Elf:3    | Reached skill level 10 in Crossbows
 36324 | Elf:3    | Noticed an Ice Fiend
 36516 | Elf:3    | Received a gift from Okawaru
 37057 | Elf:3    | Identified the +5 scimitar "Olasa Vye" {freeze, Int+2
                  | Dex+3}
 37172 | Elf:3    | Identified the +5 hunting sling "Wumey" {velocity, Str+4
                  | Int+8 Dex-5} (You found it on level 3 of the Elven Halls)
 37186 | Elf:3    | Identified the Catalogue of Helpful Creation
 37269 | Elf:3    | Bought a scroll of remove curse for 45 gold pieces
 38134 | Spider:1 | Entered Level 1 of the Spider Nest
 38302 | Spider:1 | Reached skill level 25 in Axes
 39089 | Spider:2 | Reached XP level 19. HP: 161/180 MP: 15/18
 39428 | Spider:2 | Received a gift from Okawaru
 39519 | Spider:2 | Found the +6 shillelagh "Devastator" {shatter}
 39917 | Spider:3 | Identified the +0 pair of gloves "Norrikk" {rN+ Str+2
                  | Dex+2}
 39917 | Spider:3 | Noticed Nikola
 39927 | Spider:3 | Killed Nikola
 41097 | Spider:4 | Entered Level 4 of the Spider Nest
 41175 | Spider:4 | Noticed Arachne
 41180 | Spider:4 | Killed Arachne
 41180 | Spider:4 | Reached skill level 1 in Invocations
 41447 | Spider:4 | Noticed Louise
 41451 | Spider:4 | Killed Louise
 41453 | Spider:4 | Noticed Donald
 41461 | Spider:4 | Killed Donald
 42975 | Spider:4 | Received a gift from Okawaru
 43242 | Spider:4 | Got a gossamer rune of Zot
 43983 | D:13     | Found a gate to the Vaults.
 44124 | D:13     | Found a white marble altar of Elyvilon.
 44784 | Vaults:1 | Entered Level 1 of the Vaults
 44867 | Vaults:1 | Found Eshaec's Food Emporium.
 44892 | Vaults:2 | Reached XP level 20. HP: 170/189 MP: 22/22
 45173 | Vaults:1 | Received a gift from Okawaru
 45327 | Vaults:1 | Received a gift from Okawaru
 45332 | Vaults:1 | Reached skill level 5 in Invocations
 45545 | Vaults:1 | Paralysed by an orc sorcerer for 6 turns
 45566 | Vaults:1 | Reached skill level 15 in Crossbows
 46409 | Vaults:1 | Paralysed by a floating eye for 4 turns
 46446 | Vaults:1 | Received a gift from Okawaru
 47107 | Vaults:2 | Found Soker's Assorted Antiques.
 47118 | Vaults:2 | Bought a scroll of brand weapon for 580 gold pieces
 47118 | Vaults:2 | Bought a scroll of teleportation for 87 gold pieces
 47118 | Vaults:2 | Bought a potion of might for 116 gold pieces
 47651 | Vaults:2 | Reached XP level 21. HP: 101/199 MP: 19/25
 47657 | Vaults:2 | Received a gift from Okawaru
 47684 | Vaults:2 | Got a pair of smoking boots {god gift}
 47695 | Vaults:2 | Identified the +0 pair of boots of Minor Irritation {rCorr
                  | Slay+3} (Okawaru gifted it to you on level 2 of the Vaults)
 48237 | Vaults:2 | Reached skill level 26 in Axes
 49122 | Vaults:3 | Found a staircase to the Crypt.
 49976 | Vaults:3 | Received a gift from Okawaru
 50162 | Vaults:3 | Received a gift from Okawaru
 51365 | Vaults:4 | Reached XP level 22. HP: 204/210 MP: 27/27
 51974 | Vaults:5 | Entered Level 5 of the Vaults
 51986 | Vaults:5 | Received a gift from Okawaru
 52375 | Vaults:5 | Noticed a golden dragon
 52375 | Vaults:5 | Identified the +2 spear "Ynnof" {vamp, Int+5}
 52385 | Vaults:5 | Reached skill level 10 in Invocations
 52391 | Vaults:5 | Killed a golden dragon
 53920 | Vaults:5 | Identified the +8 hand axe of Lies {freeze, Str+5}
 54306 | Vaults:4 | Received a gift from Okawaru
 54343 | Vaults:4 | Received a gift from Okawaru
 54520 | Vaults:4 | Cast into level 3 of the Abyss (a deep elf sorcerer)
 54530 | Abyss:3  | Found a corrupted altar of Lugonu.
 54690 | Abyss:5  | Entered Level 5 of the Abyss
 54690 | Abyss:5  | Entered Level 5 of the Abyss
 54761 | Abyss:5  | Paralysed by accursed screaming for 2 turns
 54766 | Abyss:5  | Paralysed by accursed screaming for 2 turns
 54879 | Abyss:5  | Received a gift from Okawaru
 54880 | Abyss:5  | Got a heavily runed chain mail {god gift}
 54982 | Vaults:4 | Escaped the Abyss
 55550 | Vaults:4 | Reached XP level 23. HP: 166/220 MP: 22/30
 55886 | Vaults:5 | Noticed an ancient lich
 56451 | Vaults:4 | Killed an ancient lich
 57375 | Vaults:5 | Identified the cursed +1 ring mail of Starshine {MR+
                  | Stlth+}
 57559 | Vaults:5 | Received a gift from Okawaru
 57578 | Vaults:5 | Received a gift from Okawaru
 57598 | Vaults:5 | Got a twisted arbalest {god gift}
 57619 | Vaults:5 | Identified the +7 arbalest of Okawaru's Hatred {flame,
                  | MP+9} (Okawaru gifted it to you on level 5 of the Vaults)
 57714 | Vaults:5 | Identified the amulet "Peonoimm" {Gourm MR- Int+7}
 58125 | Vaults:5 | Found Niehimm's Antique Weapon Shoppe.
 58195 | Vaults:5 | Got a silver rune of Zot
 58309 | Vaults:5 | Identified the +1 quarterstaff "Newtslayer" {protect,
                  | Int+2}
 58348 | Vaults:5 | Identified Seisoc's Reference Book on Confrontation
 59038 | D:14     | Found Vihoeras's Magic Scroll Shoppe.
 59045 | D:14     | Bought a scroll of enchant armour for 120 gold pieces
 59045 | D:14     | Bought a scroll of enchant weapon for 120 gold pieces
 59045 | D:14     | Bought a scroll of teleportation for 48 gold pieces
 59045 | D:14     | Bought a scroll of brand weapon for 320 gold pieces
 59045 | D:14     | Bought a scroll of brand weapon for 320 gold pieces
 59621 | D:15     | Entered Level 15 of the Dungeon
 59733 | D:15     | Found a staircase to the Depths.
 60100 | D:15     | Received a gift from Okawaru
 60334 | Depths:1 | Entered Level 1 of the Depths
 61117 | Depths:1 | Found a gateway to Hell.
 61184 | Depths:1 | Reached XP level 24. HP: 137/231 MP: 27/31
 61552 | Depths:1 | Found Nearoagg's Pet Rocks.
 61576 | Depths:1 | Bought a wand of digging (4) for 240 gold pieces
 62072 | Depths:2 | Found a white marble altar of Elyvilon.
 62115 | Depths:2 | Received a gift from Okawaru
 62149 | Depths:2 | Got a transparent platinum ring
 62151 | Depths:2 | Identified the ring "Zoshrewi" {rF+ MR+ AC+5 Str+6 Int-5}
                  | (You found it on level 2 of the Depths)
 62702 | Depths:2 | Found a basalt altar of Yredelemnul.
 62731 | Depths:2 | Received a gift from Okawaru
 62790 | Depths:2 | Got a translucent gossamer ring
 62791 | Depths:2 | Identified the ring of Imoiptat {rPois rF- rC+ Str+10
                  | Int-5} (You found it on level 2 of the Depths)
 63174 | Depths:2 | Got a pitted platinum ring
 63175 | Depths:2 | Identified the ring "Ohanoaw" {*Tele +Inv rPois rN+++ MR-}
                  | (You found it on level 2 of the Depths)
 63274 | Depths:2 | Got a faintly glowing hat
 63285 | Depths:2 | Identified the +4 hat of Repulsion {rF+ Str-4 Int+4} (You
                  | found it on level 2 of the Depths)
 63342 | Depths:2 | Got a translucent golden ring
 63344 | Depths:2 | Identified the ring "Giut" {+Inv +Fly Int+2 Stlth+} (You
                  | found it on level 2 of the Depths)
 63948 | Depths:3 | Found Taczetz's Distillery.
 63966 | Depths:3 | Bought 2 potions of curing for 120 gold pieces
 63966 | Depths:3 | Bought a potion of curing for 60 gold pieces
 63985 | Depths:3 | Received a gift from Okawaru
 64001 | Depths:3 | Bought a potion of mutation for 160 gold pieces
 64001 | Depths:3 | Lost mutation: You have sharp toenails. [potion of
                  | mutation]
 64001 | Depths:3 | Gained mutation: You are occasionally teleported next to
                  | monsters. [potion of mutation]
 64001 | Depths:3 | Gained mutation: Your muscles are strong. (Str +2) [potion
                  | of mutation]
 64001 | Depths:3 | Gained mutation: You possess an exceptional clarity of
                  | mind. [potion of mutation]
 64048 | Depths:3 | Received a gift from Okawaru
 64086 | Depths:3 | Received a gift from Okawaru
 64273 | Depths:3 | Noticed a juggernaut
 64273 | Depths:3 | HP: 10/233 [deep troll earth mage (5)]
 64574 | Depths:3 | Lost mutation: Your muscles are strong. (Str +2) [potion of
                  | mutation]
 64574 | Depths:3 | Lost mutation: You are occasionally teleported next to
                  | monsters. [potion of mutation]
 64574 | Depths:3 | Gained mutation: You expend magic power (3 MP) to
                  | strengthen your wands. [potion of mutation]
 64574 | Depths:3 | Gained mutation: You are resistant to hostile enchantments.
                  | (MR+) [potion of mutation]
 64574 | Depths:3 | Gained mutation: You are partially covered in yellow
                  | scales. (AC +2) [potion of mutation]
 64832 | Depths:3 | Reached XP level 25. HP: 212/240 MP: 29/32
 64849 | Depths:3 | Killed a juggernaut
 64892 | Depths:3 | HP: 9/240 [deep troll earth mage (11)]
 65443 | Depths:3 | Found a gateway to a ziggurat.
 65647 | Depths:3 | Received a gift from Okawaru
 66044 | Depths:3 | Found a one-way gate leading to the halls of Pandemonium.
 66197 | Zig:1    | Entered Level 1 of a ziggurat
 66220 | Zig:2    | Entered Level 2 of a ziggurat
 66240 | Zig:2    | Got a shimmering plate armour
 66241 | Zig:2    | Identified the +4 plate armour of the Stag {rElec rCorr
                  | Str+3 Int+4} (You found it on level 2 of a ziggurat)
 66441 | Zig:3    | Entered Level 3 of a ziggurat
 66486 | Zig:4    | Entered Level 4 of a ziggurat
 66778 | Zig:4    | Lost mutation: You possess an exceptional clarity of mind.
                  | [potion of mutation]
 66778 | Zig:4    | Lost mutation: You are resistant to hostile enchantments.
                  | (MR+) [potion of mutation]
 66778 | Zig:4    | Lost mutation: You expend magic power (3 MP) to strengthen
                  | your wands. [potion of mutation]
 66778 | Zig:4    | Lost mutation: You do not regenerate when monsters are
                  | visible. [potion of mutation]
 66778 | Zig:4    | Gained mutation: You have a pair of large horns on your
                  | head. [potion of mutation]
 66778 | Zig:4    | Gained mutation: You have sharp toenails. [potion of
                  | mutation]
 66778 | Zig:4    | Gained mutation: You have a somewhat thin skeletal
                  | structure. (Dex +2, Stealth) [potion of mutation]
 66794 | Zig:5    | Entered Level 5 of a ziggurat
 66794 | Zig:5    | Noticed a shard shrike
 66799 | Zig:5    | Killed a shard shrike
 66846 | Zig:6    | Entered Level 6 of a ziggurat
 66903 | Zig:6    | Got a pitted plate armour
 66905 | Zig:6    | Identified the cursed +1 plate armour of Temperance {rPois
                  | rN++ MR- rCorr} (You found it on level 6 of a ziggurat)
 67237 | Zig:7    | Entered Level 7 of a ziggurat
 67250 | Zig:7    | Noticed a Killer Klown
 67278 | Zig:7    | Killed a Killer Klown
 67524 | Zig:8    | Entered Level 8 of a ziggurat
 67551 | Zig:8    | Received a gift from Okawaru
 67632 | Zig:8    | Got a brightly glowing golden ring
 67649 | Zig:8    | Identified the ring of the Rose {rPois Int+2 Dex+2 SInv}
                  | (You found it on level 8 of a ziggurat)
 67700 | Zig:9    | Entered Level 9 of a ziggurat
 67736 | Zig:9    | HP: 4/243 [hellion/damnation (17)]
 67737 | Zig:9    | Killed from afar by a hellion

Skill      XL: |  1  2  3  4  5  6  7  8  9 10 11 12 13 14 15 16 17 18 19 20 21 22 23 24 25 |
---------------+----------------------------------------------------------------------------+-----
Axes           | 3 5 6 8 10 12 14 15 17 19 20 22 23 24 25 26 | 26.0
Fighting       | 4 5 6 7 9 10 12 13 14 15 16 17 18 19 20 21 22 23 | 23.3
Armour         | 4 5 6 7 9 10 12 13 14 15 16 17 18 19 20 21 22 23 24 | 24.5
Crossbows      | 7 12 14 16 17 19 21 22 23 | 23.4
Invocations    | 4 6 9 10 12 13 | 13.9
Shields        | |  3.6

Action                   |  1- 3 |  4- 6 |  7- 9 | 10-12 | 13-15 | 16-18 | 19-21 | 22-24 | 25-27 || total
-------------------------+-------+-------+-------+-------+-------+-------+-------+-------+-------++-------
Melee: War axe           |    64 |    56 |   195 |       |       |       |       |       |       ||   315
       Headbutt          |     8 |    10 |    44 |    98 |   252 |   279 |   275 |   419 |    73 ||  1458
       Battleaxe         |       |       |     3 |   304 |    22 |    76 |       |       |       ||   405
       Flail             |       |       |     3 |       |    49 |       |       |       |       ||    52
       Kick              |       |       |       |    88 |       |       |       |       |       ||    88
       Broad axe         |       |       |       |   118 |   275 |       |       |       |       ||   393
       Executioner's axe |       |       |       |       |   566 |   843 |   821 |  1118 |   188 ||  3536
       Heavy crossbow    |       |       |       |       |       |       |     1 |       |       ||     1
 Fire: Heavy crossbow    |       |       |       |       |       |       |   293 |    29 |    48 ||   370
Throw: Tomahawk          |       |       |       |     7 |       |       |       |       |       ||     7
Invok: Heroism           |       |       |       |     1 |       |       |       |       |       ||     1
 Abil: Evoke Berserk Rag |       |       |       |     1 |       |       |       |       |       ||     1
Evoke: Wand              |       |       |       |       |       |       |       |       |     1 ||     1
  Use: Scroll            |     3 |     4 |    13 |    13 |    10 |    19 |     8 |    23 |    10 ||   103
       Potion            |       |       |     5 |     6 |     1 |     7 |     7 |    14 |     6 ||    46
 Stab: Petrified         |       |       |       |       |       |       |     1 |       |       ||     1
       Distracted        |       |       |       |       |       |       |       |     2 |       ||     2
  Eat: Chunk             |     1 |     2 |     2 |     8 |    15 |     4 |    11 |    10 |       ||    53
       Ration            |       |     1 |     2 |     5 |     7 |    12 |     9 |     9 |     3 ||    48
Armor: Scale mail        |    33 |    30 |    17 |       |       |       |       |       |       ||    80
       Plate armour      |       |       |   132 |    84 |       |       |       |       |       ||   216
       Crystal plate arm |       |       |       |   336 |   767 |   826 |   893 |   755 |   179 ||  3756
Dodge: Dodged            |    39 |    26 |    77 |   117 |   242 |   212 |   336 |   285 |    86 ||  1420
Block: Other             |       |       |       |    45 |   160 |   104 |   161 |   159 |    28 ||   657
